 Dungeon Crawl Stone Soup version 0.14.1-3-gd16b60d (webtiles) character file.

328 Aargh the Pacifier (level 6, -1/36 HPs)
             Began as a Kobold Healer on Apr 21, 2014.
             Was a Priest of Elyvilon.
             Slain by an orc wizard
             ... wielding a +0,+0 club
              (2 damage)
             ... on Level 4 of the Dungeon on May 19, 2014.
             The game lasted 00:44:08 (4971 turns).

Aargh the Pacifier (Kobold Healer)                  Turns: 4971, Time: 00:44:09

HP  -1/36        AC  5     Str 11      XL: 6   Next:  1%
MP  11/11        EV 16     Int 12      God: Elyvilon [***...]
Gold 137         SH  0     Dex 15      Spells:  0 memorised,  7 levels left

rFire  . . .     SeeInvis .     w - +0,+2 quarterstaff (speed)
rCold  . . .     Clarity  .     a - +1 robe
rNeg   + . .     Conserve .     (no shield)
rPois  .         rCorr    .     (no helmet)
rElec  .         rRot     .     o - +1 cloak
SustAb + .       Spirit   .     (no gloves)
rMut   .         Warding  +     (no boots)
Saprov + + .     Stasis   .     y - amulet of warding {Ward, rN+, !d}
MR     .....                    (no ring)
                                j - ring of sustain abilities {sustAb}

@: not resistant to hostile enchantments, unstealthy
A: disease resistance, carnivore 3, saprovore 2
a: Lesser Healing, Lesser Self-Healing, Divine Protection, Purification, Greater
Healing, Greater Self-Healing, Renounce Religion


You were on level 4 of the Dungeon.
You worshipped Elyvilon.
Elyvilon was most pleased with you.
You were not hungry.

You visited 1 branch of the dungeon, and saw 4 of its levels.

You collected 137 gold pieces.

Inventory:

Hand weapons
 e - a +0,+0 sling
   (You found it on level 1 of the Dungeon)
 i - a +0,+1 dagger
   (You found it on level 1 of the Dungeon)
 k - a +0,+0 short sword
   (You found it on level 1 of the Dungeon)
 l - a +1,+2 dagger of speed
   (You took it off a kobold on level 1 of the Dungeon)
 q - a +0,+0 dagger
   (You took it off a goblin on level 1 of the Dungeon)
 t - a +1,+0 dagger
   (You took it off a goblin on level 2 of the Dungeon)
 w - a +0,+2 quarterstaff of speed (weapon)
   (You found it on level 2 of the Dungeon)
 A - a +0,+0 war axe
   (You took it off an orc on level 3 of the Dungeon)
 C - a +0,+0 falchion
   (You took it off an orc on level 3 of the Dungeon)
Missiles
 h - 7 javelins of returning (quivered)
 n - 2 darts of frost
 p - 10 sling bullets of frost
 r - 31 stones
 v - 63 darts
 x - 4 tomahawks
 B - 12 sling bullets
Armour
 a - a +1 robe (worn)
 f - a +0 cloak
   (You found it on level 1 of the Dungeon)
 m - a +0 ring mail
   (You found it on level 1 of the Dungeon)
 o - a +1 cloak (worn)
   (You found it on level 2 of the Dungeon)
Comestibles
 d - 3 meat rations
 g - 2 bread rations
Jewellery
 j - a ring of sustain abilities (left hand) {sustAb}
   (You found it on level 1 of the Dungeon)
 y - an amulet of warding (around neck) {Ward, rN+, !d}
   (You found it on level 3 of the Dungeon)
Potions
 b - 4 potions of curing
 c - a potion of heal wounds
 s - a potion of agility {unknown}
 u - a potion of berserk rage {unknown}
 z - a potion of invisibility {unknown}


   Skills:
 * Level 2.7 Fighting
 * Level 2.0 Short Blades
 + Level 1.1 Staves
 + Level 3.6 Dodging
 * Level 0.8 Stealth
 * Level 1.0 Spellcasting
 * Level 4.4 Invocations


You had 7 spell levels left.
You didn't know any spells.

Dungeon Overview and Level Annotations

Branches:
Dungeon (4/15)
 Temple: D:4-7

Altars:
Kikubaaqudgha
Nemelex Xobeh
Yredelemnul
Zin

Shops:
D:4 *


Innate Abilities, Weirdness & Mutations

You recuperate from illness quickly.
You are small and have problems with some larger weapons.
You are carnivorous and can eat meat at any time.
You can eat rotten meat.


Message History

You hit the rat.
You kill the rat!
A hound comes into view.
Heal: a hound The light of Elyvilon almost touches upon the hound.
You feel somewhat less full.
Heal: a hound The light of Elyvilon fails to reach the hound.
You feel somewhat less full. The hound bites you but does no damage.
Heal: a hound The light of Elyvilon fails to reach the hound.
You feel somewhat less full. The hound bites you. The hound bites you.
Heal: a hound The light of Elyvilon fails to reach the hound.
You feel somewhat less full. The hound bites you.
You hit the hound but do no damage. The hound bites you.
You closely miss the hound. The hound bites you. The hound bites you.
You hit the hound. The hound bites you.
You hit the hound but do no damage. The hound bites you.
You closely miss the hound. The hound misses you.
You closely miss the hound.
The hound gazes forward, looking utterly alone.
The hound completely misses you. The hound bites you.
You closely miss the hound. The hound barely misses you.
You barely miss the hound. The hound barely misses you.
You barely miss the hound. The hound closely misses you.
Heal: a hound (moderately wounded)
The light of Elyvilon fails to reach the hound.
You feel somewhat less full. The hound bites you. The hound misses you.
Heal: a hound (moderately wounded) Elyvilon approves of your offer of peace.
The hound turns neutral.
Your Spellcasting skill increases to level 1!
You have reached level 6!
Your experience leads to an increase in your attributes!
Increase (S)trength, (I)ntelligence, or (D)exterity?
You feel clever.
You heal the hound.
The hound is completely healed.
A kobold comes into view. It is wielding a whip.
The kobold shouts!
The kobold throws a dart.
The dart misses you.
The kobold throws a dart.
The dart misses you.
You see here a dart.
The kobold throws a dart.
The dart hits you!
You see here a dart.
Heal: a kobold, wielding a whip Elyvilon approves of your offer of peace.
The kobold turns neutral.
You feel somewhat more hungry.
You start resting.
You start resting.
v - 63 darts (gained 10)
z - a murky red potion An orc and an orc wizard come into view.
The orc shouts!
The orc wizard moves out of view.
An orc priest comes into view. It is wielding a flail.
The orc priest moves out of view.
The orc wizard shouts!
The orc wizard gestures wildly while chanting.
The orc wizard flickers and vanishes!
Deactivating autopickup; reactivate with Ctrl-A.
The orc hits you but does no damage. The orc closely misses you.
You thump the orc!
You kill the orc!
Your Short Blades skill increases to level 2!
Something hits you but does no damage.
Things that are here:
a club; a leather armour Something drops a dagger.
Something picks up a club.
Something hits you.
You closely miss something. Something hits you!
You closely miss something. You miss something.
Something hits you but does no damage.
You closely miss something. Something hits you but does no damage.
You closely miss something. Something hits you.
You hit something. You barely miss something. Something barely misses you.
You miss something.
You hear some strange, mumbled words.
The magic dart hits you!
You hit something. Something hits you.
You closely miss something. You barely miss something.
You hear some strange, mumbled words.
The magic dart hits you!
You miss something.
You hear some strange, mumbled words.
The magic dart hits you!
* * * LOW HITPOINT WARNING * * *
You hit something but do no damage.
You hear some strange, mumbled words.
The puff of flame misses you.
You closely miss something.
You hear some strange, mumbled words.
The puff of flame hits you!
* * * LOW HITPOINT WARNING * * *
You closely miss something. Something hits you.
You die...

...#.....##..#######...# #....#.
##.......##..#######...####......
.................................
.................................
######.........#........######...
#.##.#....#...#.........#...
#...##..#.#)#.....#####.#...
#...##..#.#.#......#....#..#
#.#.##.##.#@#......#.####...
#.#.##.##.#.#...............
#......##.#.#..(............
#...##.##.#.#.#...####...##.
#...##.##.#.#.#...# #...##.
#...##.##.#..(#...####......
#......##.#.........o.......
#....................####.#.
######..###.#########.##..#....#.


There were no monsters in sight!

Vanquished Creatures
  A worker ant (D:4)
  An adder (D:4)
  A giant mite (D:2)
  A shadow imp (D:4)
  A giant eyeball (D:4)
  An ooze (D:3)
  13 orcs
  A bat (D:1)
  2 giant cockroaches (D:2)
  5 goblins
  7 hobgoblins
  2 jackals (D:2)
  11 giant newts
  2 kobolds (D:1)
  7 rats
56 creatures vanquished.

Vanquished Creatures (others)
  An adder (D:3)
  2 hobgoblins
  A bat (D:1)
  A giant cockroach (D:3)
  2 kobolds (D:2)
  2 rats
9 creatures vanquished.

Grand Total: 65 creatures vanquished

Notes
Turn   | Place    | Note
--------------------------------------------------------------
     0 | D:1      | Aargh, the Kobold Healer, began the quest for the Orb.
     0 | D:1      | Reached XP level 1. HP: 12/12 MP: 2/2
    42 | D:1      | Upgraded the game from 0.14.0-20-g75a2fc2 to 0.14.1-3-gd16b60d
    59 | D:1      | HP: 3/12 [hobgoblin/club (6)]
   352 | D:1      | Reached XP level 2. HP: 9/16 MP: 3/3
   878 | D:1      | Reached skill level 2 in Fighting
  1315 | D:1      | Reached XP level 3. HP: 21/21 MP: 5/5
  1558 | D:2      | Reached skill level 3 in Dodging
  1848 | D:2      | Reached skill level 1 in Short Blades
  1848 | D:2      | Reached XP level 4. HP: 12/26 MP: 5/7
  2292 | D:2      | Found a basalt altar of Yredelemnul.
  2305 | D:2      | Found a sparkling altar of Nemelex Xobeh.
  2393 | D:2      | Found a glowing silver altar of Zin.
  2408 | D:2      | Found an ancient bone altar of Kikubaaqudgha.
  3190 | D:3      | Reached skill level 4 in Invocations
  3335 | D:4      | Reached XP level 5. HP: 18/31 MP: 5/9
  4278 | D:2      | Acquired Elyvilon's third power
  4424 | D:4      | Found Laewaec's General Store.
  4519 | D:4      | Reached skill level 1 in Staves
  4689 | D:4      | Reached skill level 1 in Spellcasting
  4689 | D:4      | Reached XP level 6. HP: 13/36 MP: 6/11
  4951 | D:4      | Reached skill level 2 in Short Blades
  4970 | D:4      | HP: 1/36 [something/puff of flame (9)]
  4971 | D:4      | Slain by an orc wizard

Action                   |  1- 3 |  4- 6 || total
-------------------------+-------+-------++-------
Melee: Dagger            |   112 |    47 ||   159
       Unarmed           |     3 |       ||     3
       Quarterstaff      |       |   132 ||   132
Invok: Lesser Healing    |    34 |    76 ||   110
       Lesser Self-Heali |     1 |       ||     1
  Use: Scroll            |     3 |     9 ||    12
       Potion            |     2 |       ||     2

Vault maps used:
D:1:      co_arrival_square_in_a_square_in_a_square, minmay_lizard_king
D:2:      nicolae_overflow_quartered_altars, first_bread,
          minmay_misc_feat_tower, minmay_misc_feat_nine_boxes,
          minmay_fountain_box
D:3:      gup_sewer_entry_glass
D:4:      minmay_temple_entry_grid, serial_co_window_serial, co_window_paths_b,
          co_window_corner_a, co_window_of_opportunity_a, co_window_cross_1,
          co_window_of_opportunity_a, co_window_corner_a, co_window_paths_a,
          co_window_unsneaky_path_a, co_window_broadway_a, co_window_corner_b,
          co_window_broadway_c, co_window_4corner_a, glass_columns_a,
          glass_columns_a, glass_columns_a, glass_columns_a, serial_shops,
          nicolae_shop_waterfront, uniq_sigmund

Table legend:
 A = Turns spent in this place as a percentage of turns spent in the entire game.
 B = Non-inter-level travel turns spent in this place as a percentage of non-inter-level travel turns spent in the entire game.
 C = Inter-level travel turns spent in this place as a percentage of turns spent in this place.
 D = Turns resting spent in this place as a percentage of non-inter-level travel turns spent in this place.
 E = Turns spent auto-exploring this place as a percentage of non-inter-level travel turns spent in this place.
 F = Non-inter-level travel turns spent in this place divided by the number of levels of this place that you've seen.
                   A       B       C       D       E      F
               +-------+-------+-------+-------+-------+----------------------
         Total | 100.0 | 100.0 |   0.0 |   2.1 |   0.6 | 694.2
       Dungeon | 100.0 | 100.0 |   0.0 |   2.1 |   0.6 | 694.2
               +-------+-------+-------+-------+-------+----------------------

Table legend:
 A = Kills in this place as a percentage of kills in entire the game.
 B = Kills by you in this place as a percentage of kills by you in the entire game.
 C = Kills by friends in this place as a percentage of kills by friends in the entire game.
 D = Other kills in this place as a percentage of other kills in the entire game.
 E = Experience gained in this place as a percentage of experience gained in the entire game.
 F = Experience gained in this place divided by the number of levels of this place that you have seen.
                   A       B       C       D       E      F
               +-------+-------+-------+-------+-------+----------------------
         Total | 100.0 | 100.0 |  -nan |  -nan | 100.0 |  40.8
       Dungeon | 100.0 | 100.0 |  -nan |  -nan | 100.0 |  40.8
               +-------+-------+-------+-------+-------+----------------------
